 Dungeon Crawl Stone Soup version 0.30.0-19-gbf45117a57 (webtiles) character file.

Game seed: 16754915073789805551

5266 qw the Cleaver (level 10, -6/64 HPs)
             Began as a Gargoyle Fighter on May 25, 2023.
             Was a Believer of Okawaru.
             Mangled by Amaemon
             ... wielding a -2 demon whip of venom
              (8 damage)
             ... on level 9 of the Dungeon.
             The game lasted 00:03:23 (8215 turns).

qw the Cleaver (Gargoyle Fighter)                   Turns: 8215, Time: 00:03:24

Health: -6/64      AC:  0    Str: 22 (23) XL:     10   Next: 62%
Magic:  12/13      EV: 15    Int:  8 (10) God:    Okawaru [**....]
Gold:   426        SH:  0    Dex:  9      Spells: 9/9 levels left

rFire   . . .        g - melded +0 broad axe
rCold   . . .        c - melded +0 buckler
rNeg    + . .        r - melded +2 chain mail {Will+}
rPois   inf          l - melded +2 hat
rElec   .            i - melded scarf {repulsion}
rCorr   .            q - melded +0 pair of gloves
SInv    .            b - melded +0 pair of boots
Will    .....        p - amulet of the acrobat
Stlth   +++          m - melded ring of see invisible
HPRegen 0.30/turn    (ring currently unavailable)
MPRegen 0.13/turn

%: acrobat
@: about to teleport, pig-form, heroic, very quick
A: fast, no casting, sickness immunity, AC +7, small, negative energy resistance
1, (electricity resistance), torment resistance 1, petrification resistance
a: Renounce Religion, Heroism


You were on level 9 of the Dungeon.
You worshipped Okawaru.
Okawaru was pleased with you.
You were a filthy swine.
You visited 2 branches of the dungeon, and saw 10 of its levels.

You collected 426 gold pieces.


Innate Abilities, Weirdness & Mutations

You are a filthy swine.
You move quickly.
Your equipment is almost entirely melded.
You are incapable of wielding weapons or throwing items.
You cannot cast spells.
You are immune to sickness and miasma.
((Your stone body is resilient. (AC +7)))
You are immune to poison.
You resist negative energy. (rN+)
((You are resistant to electric shocks. (rElec)))
You are resistant to unholy torment.
You are immune to petrification.


   Skills:
 + Level 8.0(13.0) Fighting
 - Level 11.0(16.0) Axes
 - Level 6.1(11.1) Armour
 - Level 1.0(6.0) Dodging
 - Level 5.2(10.2) Shields
 - Level 4.0 Invocations


You had 9 spell levels left.
You didn't know any spells.
Your spell library was empty.

Inventory:

Hand Weapons
 g - a +0 broad axe (melded)
 n - a +0 morningstar
Armour
 b - a +0 pair of boots (melded)
 c - a +0 buckler (melded)
 i - a scarf of repulsion (melded)
 l - a +2 hat (melded)
 q - a +0 pair of gloves (melded)
 r - a +2 chain mail of willpower (melded)
Jewellery
 m - a ring of see invisible (melded)
 p - an amulet of the acrobat (around neck)
 s - the ring of Hoshro {Wiz *Corrode rElec Str-2 SInv}
   (You took it off a centaur on level 5 of the Dungeon)

   [ring of wizardry]

   It improves your spell success rate.
   Str:       It affects your strength (-2).
   rElec:     It insulates you from electricity.
   SInv:      It lets you see invisible.
   *Corrode:  It may corrode you when you take damage.
Scrolls
 a - a scroll of identify
 e - a scroll of teleportation
Potions
 d - a potion of might
 f - a potion of lignification
 h - a potion of mutation
 o - 3 potions of curing
 t - a potion of haste

Dungeon Overview and Level Annotations

Branches:
Dungeon (9/15)             Temple (1/1) D:7
   Lair: D:8-11         Orc: D:9-12

Altars:
Ashenzari
Cheibriados
Dithmenos
Elyvilon
Fedhas
Gozag
Hepliaklqana
Kikubaaqudgha
Makhleb
Nemelex Xobeh
Okawaru
Qazlal
Ru
Sif Muna
Trog
Uskayaw
Vehumet
Wu Jian
Xom
Yredelemnul
Zin

Annotations:
D:9 Amaemon


Message History

Amaemon tail-slaps you but does no damage.
You slash Amaemon!
Amaemon is heavily wounded.
Amaemon hits you but does no damage. Amaemon barely misses you.
Amaemon closely misses you.
You hit Amaemon but do no damage.
Amaemon is heavily wounded.
Amaemon zaps a wand.
You turn into a filthy swine.
Your +0 broad axe melds into your body.
Your scarf of repulsion melds into your body.
Your +2 hat melds into your body.
Your +0 pair of gloves melds into your body.
Your +0 pair of boots melds into your body.
Your +0 buckler melds into your body.
Your +2 chain mail of willpower melds into your body.
Your ring of see invisible melds into your body.
The haze of the repulsion field disappears.
You feel less strong-willed.
You hit Amaemon.
Amaemon is heavily wounded.
Amaemon barely misses you. x3
You hit Amaemon.
Amaemon is severely wounded.
Amaemon hits you with a -2 demon whip of venom!
Amaemon closely misses you. x2
Amaemon hits you with a -2 demon whip of venom!
Amaemon barely misses you. Amaemon closely misses you.
8213 ||| READING 2 scrolls of teleportation.
As you read the scroll of teleportation, it crumbles to dust.
You feel strangely unstable.
Amaemon gestures wildly while chanting.
The gnoll sergeant shouts!
You hit Amaemon.
Amaemon is severely wounded.
Amaemon barely misses you. Amaemon claws you. Amaemon tail-slaps you.
The scorpion barely misses you. The scorpion stings you.
You bite Amaemon!
Amaemon is severely wounded.
Amaemon hits you with a -2 demon whip of venom!
You die...

.....# ..#
......# ..
.......###.#
$.......#..
........#.#
..........#
......ss6.#
.......h.#
.........#
.........#
........##
.g......#
.......##
.......
.......


You could see Amaemon (fast), a gnoll sergeant and 2 scorpions.

Vanquished Creatures
  An orange demon (D:9)
  Psyche (D:8)
  A kobold demonologist (D:9)
  A troll (D:9)
  A hornet (D:8)
  Grinder (D:6)
  3 yaks (D:8)
  A wraith (D:7)
  3 wyverns (D:9)
  A steam dragon (D:9)
  A sky beast (D:6)
  An orc warrior (D:7)
  An ice beast (D:6)
  A black bear (D:6)
  5 centaurs
  A phantom (D:6)
  2 kobold brigands
  Blork the orc (D:5)
  4 bullfrogs
  2 scorpions
  2 wights (D:9)
  5 killer bees
  3 howler monkeys
  6 hounds
  8 orc priests
  A sleepcap (D:8)
  3 iguanas
  Terence (D:2)
  7 orc wizards
  3 adders
  2 white imps (D:7)
  An ufetubus (D:6)
  A worm (D:2)
  4 dart slugs
  20 orcs
  11 ball pythons
  2 bats
  10 endoplasms
  3 hobgoblins
  2 jackals (D:1)
  5 frilled lizards
  10 goblins
  7 kobolds
  3 rats (D:2)
153 creatures vanquished.

Notes
Turn   | Place    | Note
-------+----------+-------------------------------------------
     0 | D:1      | qw the Gargoyle Fighter began the quest for the Orb.
     0 | D:1      | Reached XP level 1. HP: 14/14 MP: 1/1
     0 | D:1      | 0 ||| qw: Version: 0.2-a-98-g5d7165a
     0 | D:1      | 0 ||| qw: Game counter: 62
     0 | D:1      | 0 ||| qw: Always use a shield: true
     0 | D:1      | 0 ||| qw: God list: Okawaru
     0 | D:1      | 0 ||| qw: Allow faded altars: false
     0 | D:1      | 0 ||| qw: Do Orc after D:15 true
     0 | D:1      | 0 ||| qw: Do second Lair branch before Depths: true
     0 | D:1      | 0 ||| qw: Lair rune preference: random
     0 | D:1      | 0 ||| qw: Plans: Normal, Zot:1-4, God:TSO, Crypt, Tomb,
                  | Pan, Slime:5, Hells, Abyss, Win
     0 | D:1      | 0 ||| PLANNING D:1-11
    67 | D:1      | Reached skill level 2 in Axes
   124 | D:1      | HP: 1/14 [frozen (3)]
   126 | D:1      | Reached XP level 2. HP: 2/19 MP: 2/2
   225 | D:1      | 225 ||| Stepping ~*~*~tactically~*~*~ (stealth).
   230 | D:1      | 230 ||| Stepping ~*~*~tactically~*~*~ (hiding).
   572 | D:1      | 572 ||| Stepping ~*~*~tactically~*~*~ (hiding).
   692 | D:1      | Reached skill level 3 in Axes
   844 | D:1      | Reached XP level 3. HP: 19/23 MP: 3/3
   937 | D:1      | 937 ||| Stepping ~*~*~tactically~*~*~ (hiding).
   939 | D:1      | 939 ||| Stepping ~*~*~tactically~*~*~ (hiding).
  1191 | D:1      | 1191 ||| READING 2 scrolls labelled SITROIFIGE.
  1192 | D:1      | 1192 ||| READING 2 scrolls labelled ODIBUIWUERPH.
  1193 | D:1      | 1193 ||| READING scroll labelled QUYH LAXZA.
  1194 | D:1      | 1194 ||| READING scroll labelled DOCAGE TOKLOPI.
  1195 | D:1      | 1195 ||| READING scroll labelled TETTO POMOKUSO.
  1196 | D:1      | 1196 ||| DROPPING scroll of immolation.
  1388 | D:2      | 1388 ||| DROPPING +0 club.
  1604 | D:2      | Noticed Terence
  1612 | D:2      | Killed Terence
  1613 | D:2      | Reached XP level 4. HP: 25/28 MP: 4/4
  1804 | D:2      | Reached skill level 4 in Axes
  2091 | D:2      | Found a faded altar of an unknown god.
  2098 | D:2      | 2098 ||| UPGRADING to scarf of repulsion.
  2103 | D:2      | 2103 ||| UPGRADING to +2 hat.
  2108 | D:2      | 2108 ||| READING scroll labelled TEKOFO GAOSO.
  2109 | D:2      | 2109 ||| READING scroll labelled HICRAIT TIOPE.
  2110 | D:2      | 2110 ||| READING scroll labelled CES FOCARUSEF.
  2114 | D:2      | 2114 ||| READING 2 scrolls of identify.
  2114 | D:2      | 2114 ||| IDENTIFYING smoky purple potion
  2115 | D:2      | 2115 ||| DROPPING potion of flight.
  2348 | D:3      | Found a burning altar of Makhleb.
  2350 | D:3      | Noticed a cacodemon
  2539 | D:3      | 2539 ||| Stepping ~*~*~tactically~*~*~ (stealth).
  2540 | D:3      | 2540 ||| Stepping ~*~*~tactically~*~*~ (stealth).
  2542 | D:3      | 2542 ||| Stepping ~*~*~tactically~*~*~ (stealth).
  2733 | D:3      | Reached XP level 5. HP: 23/32 MP: 5/5
  2876 | D:3      | 2876 ||| UPGRADING to ring of see invisible.
  2877 | D:3      | 2877 ||| READING scroll labelled ROORANGYER.
  2878 | D:3      | 2878 ||| READING scroll labelled CETZUE QAESKAX.
  2879 | D:3      | 2879 ||| DRINKING 2 cyan potions.
  2880 | D:3      | 2880 ||| READING 2 scrolls of identify.
  2880 | D:3      | 2880 ||| IDENTIFYING glowing dark potion
  2978 | D:4      | Identified the +1 mace "Uzuengol" {flame, rElec Dex+4}
  2980 | D:4      | 2980 ||| DROPPING +0 whip.
  2981 | D:4      | 2981 ||| Stepping ~*~*~tactically~*~*~ (stealth).
  2982 | D:4      | 2982 ||| Stepping ~*~*~tactically~*~*~ (stealth).
  3148 | D:4      | Reached skill level 5 in Axes
  3189 | D:4      | Reached XP level 6. HP: 26/38 MP: 6/6
  3252 | D:4      | 3252 ||| DROPPING +1 mace "Uzuengol" {flame, rElec Dex+4}.
  3269 | D:4      | 3269 ||| READING scroll of enchant weapon.
  3269 | D:4      | 3269 ||| ENCHANTING +1 war axe.
  3438 | D:4      | Reached skill level 1 in Dodging
  3449 | D:5      | Entered Level 5 of the Dungeon
  3481 | D:5      | Noticed Blork the orc
  3492 | D:5      | Killed Blork the orc
  3526 | D:5      | 3526 ||| Stepping ~*~*~tactically~*~*~ (stealth).
  3528 | D:5      | 3528 ||| Stepping ~*~*~tactically~*~*~ (stealth).
  3563 | D:5      | Reached skill level 6 in Axes
  3563 | D:5      | Reached XP level 7. HP: 34/43 MP: 7/7
  3884 | D:5      | 3884 ||| Stepping ~*~*~tactically~*~*~ (hiding).
  4431 | D:5      | Identified the ring of Hoshro {Wiz *Corrode rElec Str-2
                  | SInv}
  4613 | D:5      | 4613 ||| UPGRADING to +2 chain mail of willpower.
  4623 | D:5      | 4623 ||| DROPPING +0 scale mail.
  4624 | D:5      | 4624 ||| UPGRADING to amulet of the acrobat.
  4629 | D:5      | 4629 ||| READING scroll labelled PIMIOCLAHEA.
  4660 | D:5      | 4660 ||| READING scroll labelled NONA MOTYRCH.
  4761 | D:5      | 4761 ||| DRINKING 2 sedimented purple potions.
  4762 | D:5      | 4762 ||| DROPPING potion of magic.
  4784 | D:6      | Reached skill level 7 in Axes
  4951 | D:6      | 4951 ||| Stepping ~*~*~tactically~*~*~ (hiding).
  4953 | D:6      | 4953 ||| Stepping ~*~*~tactically~*~*~ (hiding).
  4960 | D:6      | Reached XP level 8. HP: 49/49 MP: 8/8
  4963 | D:6      | 4963 ||| Stepping ~*~*~tactically~*~*~ (stealth).
  4965 | D:6      | 4965 ||| Stepping ~*~*~tactically~*~*~ (hiding).
  4967 | D:6      | 4967 ||| Stepping ~*~*~tactically~*~*~ (hiding).
  4985 | D:6      | HP: 9/49 [orc priest/divine providence (11)]
  4986 | D:6      | 4986 ||| READING 2 scrolls of teleportation.
  4987 | D:6      | 4987 ||| DRINKING 2 potions of heal wounds.
  5003 | D:6      | Reached skill level 8 in Axes
  5112 | D:6      | Noticed Grinder
  5123 | D:6      | Reached skill level 6 in Fighting
  5138 | D:6      | Killed Grinder
  5252 | D:6      | 5252 ||| Stepping ~*~*~tactically~*~*~ (stealth).
  5255 | D:6      | 5255 ||| Stepping ~*~*~tactically~*~*~ (stealth).
  5265 | D:6      | Reached skill level 9 in Axes
  5383 | D:6      | 5383 ||| Stepping ~*~*~tactically~*~*~ (stealth).
  5384 | D:6      | 5384 ||| Stepping ~*~*~tactically~*~*~ (stealth).
  5405 | D:6      | 5405 ||| DROPPING +0 flail.
  5782 | D:6      | Found a sacrificial altar of Ru.
  5783 | D:6      | 5783 ||| Stepping ~*~*~tactically~*~*~ (stealth).
  5904 | D:6      | Reached XP level 9. HP: 37/55 MP: 9/9
  5975 | D:6      | 5975 ||| UPGRADING to +0 pair of boots.
  5980 | D:6      | 5980 ||| READING scroll labelled ZAFOCRATUE.
  6072 | D:7      | 6072 ||| Stepping ~*~*~tactically~*~*~ (stealth).
  6116 | D:7      | 6116 ||| Stepping ~*~*~tactically~*~*~ (hiding).
  6264 | D:7      | Found a flagged portal.
  6316 | D:7      | Found a staircase to the Ecumenical Temple.
  6317 | D:7      | 6317 ||| PLANNING TEMPLE
  6317 | D:7      | 6317 ||| READING 4 scrolls of identify.
  6317 | D:7      | 6317 ||| IDENTIFYING sapphire potion
  6318 | D:7      | 6318 ||| READING 3 scrolls of identify.
  6318 | D:7      | 6318 ||| IDENTIFYING white potion
  6319 | D:7      | 6319 ||| READING 2 scrolls of identify.
  6319 | D:7      | 6319 ||| IDENTIFYING green potion
  6320 | D:7      | 6320 ||| DROPPING potion of brilliance.
  6321 | D:7      | 6321 ||| DROPPING potion of invisibility.
  6330 | Temple   | Entered the Ecumenical Temple
  6376 | Temple   | 6376 ||| PLANNING OKAWARU WORSHIP
  6384 | Temple   | Became a worshipper of Warmaster Okawaru
  6384 | Temple   | 6384 ||| PLANNING D:1-11
  6640 | D:7      | 6640 ||| Stepping ~*~*~tactically~*~*~ (hiding).
  6650 | D:7      | 6650 ||| Stepping ~*~*~tactically~*~*~ (stealth).
  6820 | D:7      | Found a white marble altar of Elyvilon.
  6831 | D:7      | Found a hazy altar of Hepliaklqana.
  6974 | D:7      | Noticed a cyclops
  6974 | D:7      | Noticed a cyclops
  6985 | D:7      | 6985 ||| SWAPPING to +0 heavy war axe.
  6986 | D:7      | 6986 ||| DROPPING +2 war axe.
  6987 | D:7      | 6987 ||| READING scroll of enchant weapon.
  6987 | D:7      | 6987 ||| ENCHANTING +0 heavy war axe.
  7123 | D:7      | 7123 ||| READING scroll labelled DAFALUACUUPS.
  7152 | D:8      | Noticed a hornet
  7158 | D:8      | Killed a hornet
  7210 | D:8      | Reached * piety under Okawaru
  7211 | D:8      | 7211 ||| INVOKING Heroism.
  7301 | D:8      | 7301 ||| READING scroll of enchant weapon.
  7301 | D:8      | 7301 ||| ENCHANTING +1 heavy war axe.
  7324 | D:8      | Found an ornate altar of the Wu Jian Council.
  7336 | D:8      | Noticed Psyche
  7341 | D:8      | Killed Psyche
  7342 | D:8      | Reached skill level 10 in Axes
  7346 | D:8      | Reached skill level 1 in Invocations
  7493 | D:8      | 7493 ||| INVOKING Heroism.
  7585 | D:8      | 7585 ||| Stepping ~*~*~tactically~*~*~ (stealth).
  7634 | D:8      | 7634 ||| Stepping ~*~*~tactically~*~*~ (stealth).
  7641 | D:8      | Reached skill level 3 in Invocations
  7643 | D:8      | Reached XP level 10. HP: 44/64 MP: 10/12
  7643 | D:8      | 7643 ||| INVOKING Heroism.
  7789 | D:8      | Reached ** piety under Okawaru
  7901 | D:8      | 7901 ||| UPGRADING to +0 pair of gloves.
  7906 | D:8      | 7906 ||| READING scroll labelled ETINNU JUIMUZXA.
  7907 | D:8      | 7907 ||| DRINKING 2 blue potions.
  7908 | D:8      | 7908 ||| READING 2 scrolls of identify.
  7908 | D:8      | 7908 ||| IDENTIFYING fizzy clear potion
  7909 | D:8      | 7909 ||| DROPPING potion of degeneration.
  7976 | D:9      | Noticed a kobold demonologist
  7977 | D:9      | 7977 ||| Stepping ~*~*~tactically~*~*~ (stealth).
  7979 | D:9      | 7979 ||| Stepping ~*~*~tactically~*~*~ (hiding).
  7991 | D:9      | 7991 ||| INVOKING Heroism.
  7996 | D:9      | 7996 ||| Stepping ~*~*~tactically~*~*~ (stealth).
  8109 | D:9      | Killed a kobold demonologist
  8136 | D:9      | 8136 ||| SWAPPING to +0 broad axe.
  8137 | D:9      | 8137 ||| DROPPING +2 war axe of venom.
  8151 | D:9      | 8151 ||| INVOKING Heroism.
  8158 | D:9      | Reached skill level 6 in Armour
  8168 | D:9      | HP: 11/64 [gnoll sergeant/+0 spear (9)]
  8169 | D:9      | 8169 ||| READING 4 scrolls of teleportation.
  8170 | D:9      | 8170 ||| DRINKING 2 potions of heal wounds.
  8174 | D:9      | Noticed a boulder beetle
  8179 | D:9      | 8179 ||| INVOKING Heroism.
  8193 | D:9      | HP: 8/64 [boulder beetle (15)]
  8194 | D:9      | 8194 ||| READING 3 scrolls of teleportation.
  8195 | D:9      | 8195 ||| DRINKING potion of heal wounds.
  8197 | D:9      | Noticed Amaemon
  8197 | D:9      | Noticed an orange demon
  8199 | D:9      | 8199 ||| INVOKING Heroism.
  8206 | D:9      | Killed an orange demon
  8207 | D:9      | Reached skill level 11 in Axes
  8212 | D:9      | HP: 11/64 [Amaemon/-2 demon whip of venom (11)]
  8213 | D:9      | 8213 ||| READING 2 scrolls of teleportation.
  8214 | D:9      | HP: 2/64 [scorpion[Amaemon] (5)]
  8215 | D:9      | Mangled by Amaemon

Levels and vault maps discovered:
D:1:      roderic_crop_circles_arrival_small, layout_loops_ring
D:2:      layout_basic, shapermc_ecumenical_altar_mp_vishouse, moated_statue,
          uniq_terence
D:3:      layout_basic, makhleb_altar_promises_db,
          nicolae_kite_square_tiling_tiny, kennysheep_nondescript
D:4:      layout_basic
D:5:      layout_loops_corners, uniq_blork_the_orc
D:6:      layout_cave_pods, nicolae_ru_great_annihilating_truth, uniq_grinder
D:7:      layout_loops_cross, amethyst_overflow_temple_binary,
          minmay_temple_entry_poolview, enter_bailey_3, kennysheep_flooded_box,
          lightli_corner_chamber
D:8:      minmay_evil_eye, layout_rooms, mainiacjoe_overflow_boulevard,
          minmay_manual_mares, uniq_psyche
D:9:      minmay_the_grid_square_5x5_3x3 [minmay_the_grid_square_5x5_c,
          minmay_the_grid_square_5x5_half_checkered,
          minmay_the_grid_square_5x5_dogpile,
          minmay_the_grid_square_5x5_eight_small,
          minmay_the_grid_square_5x5_megaprize_hollow,
          minmay_the_grid_square_5x5_bridge,
          minmay_the_grid_square_5x5_beaten_path,
          minmay_the_grid_square_5x5_intrusive_squares,
          minmay_the_grid_square_5x5_inner_z], layout_cave_pods,
          grunt_decor_junction, chequers_avenue, uniq_pikel, uniq_amaemon,
          uniq_erolcha
Temple:   nicolae_temple_x_marks_the_god

Skill      XL: |  1  2  3  4  5  6  7  8  9 10 |
---------------+-------------------------------+-----
Axes           | 2 3 4 5 6 7 9 10 11 | 11.0
Fighting       | 4 5 6 7 8 |  8.0
Dodging        | 1 |  1.0
Shields        | 4 5 |  5.2
Armour         | 4 5 6 |  6.1
Invocations    | 3 4 |  4.0

Action                     |  1- 3 |  4- 6 |  7- 9 | 10-12 || total
---------------------------+-------+-------+-------+-------++-------
  Melee: War axe           |    85 |   119 |   258 |    32 ||   494
         Broad axe         |       |       |       |    44 ||    44
         Unarmed           |       |       |       |     4 ||     4
 Invoke: Heroism           |       |       |     2 |     5 ||     7
    Use: Scroll            |     5 |     8 |    10 |     5 ||    28
         Potion            |       |     1 |     2 |     3 ||     6
   Stab: Paralysed         |       |       |     1 |       ||     1
 Armour: Scale mail        |    35 |    66 |    25 |       ||   126
         Chain mail        |       |       |   163 |    63 ||   226
  Dodge: Dodged            |    37 |    57 |   151 |    63 ||   308
         Repelled          |       |     2 |     3 |       ||     5
  Block: Buckler           |    18 |    25 |    88 |    25 ||   156

Table legend:
 A = Non-vault XP
 B = Vault XP
 C = Vault XP percentage of total XP
 D = Non-vault monster count
 E = Vault monster count
 F = Vault count percentage of total count
                 A         B        C        D         E       F
            +---------+---------+-------+---------+---------+-------
      Total |    4957 |    2567 |  34.1 |     128 |      25 |  16.3
            +---------+---------+-------+---------+---------+-------
        D:1 |      44 |       0 |   0.0 |      22 |       0 |   0.0
        D:2 |      28 |      36 |  56.2 |      15 |       1 |   6.2
        D:3 |      68 |       0 |   0.0 |       8 |       0 |   0.0
        D:4 |     211 |       0 |   0.0 |      10 |       0 |   0.0
        D:5 |     409 |      94 |  18.7 |      15 |       1 |   6.2
        D:6 |    1233 |     307 |  19.9 |      27 |       5 |  15.6
        D:7 |     538 |       7 |   1.3 |      12 |       4 |  25.0
        D:8 |    1386 |     731 |  34.5 |      12 |       5 |  29.4
        D:9 |    1040 |    1392 |  57.2 |       7 |       9 |  56.2
            +---------+---------+-------+---------+---------+-------
